 Dungeon Crawl Stone Soup version 0.29.0 (webtiles) character file.

Game seed: 8044609808153497321

70 porkupine the Gusty (level 4, -4/42 HPs)
             Began as an Ogre Air Elementalist on Sept 3, 2022.
             Was a Believer of Cheibriados.
             Slain by an orc
             ... wielding a +0 trident
              (5 damage)
             ... on level 3 of the Dungeon.
             The game lasted 00:05:59 (2497 turns).

porkupine the Gusty (Ogre Air Elementalist)         Turns: 2497, Time: 00:06:00

Health: -4/42      AC:  3    Str: 22    XL:     4   Next: 21%
Magic:  0/8        EV: 10    Int: 22    God:    Cheibriados [**....]
Gold:   158        SH:  0    Dex: 13    Spells: 6/9 levels left

rFire   . . .      SeeInvis .   a - +0 great sword
rCold   . . .      Faith    .   (shield currently unavailable)
rNeg    + . .      Spirit   .   h - +0 robe
rPois   .          Reflect  .   (helmet restricted)
rElec   .          Harm     .   (no cloak)
rCorr   .          Rampage  .   (gloves unavailable)
Will    .....                   (boots unavailable)
Stlth   ++........              (no amulet)
HPRegen 0.14/turn               d - ring of positive energy
MPRegen 0.11/turn               c - +6 ring of strength

@: attractive, very slow
A: large, unfitting armour, tough skin 1
a: Renounce Religion, Bend Time


You were on level 3 of the Dungeon.
You worshipped Cheibriados.
Cheibriados was pleased with you.
You visited 1 branch of the dungeon, and saw 3 of its levels.

You collected 158 gold pieces.

Inventory:

Hand Weapons
 a - a +0 great sword (weapon)
Armour
 h - a +0 robe (worn)
Magical Staves
 b - a staff of conjuration
Jewellery
 c - a +6 ring of strength (right hand)
 d - a ring of positive energy (left hand)
Scrolls
 g - a scroll of magic mapping {unknown}
 j - a scroll of noise {unknown}
Potions
 e - 2 potions of curing
 i - a potion of flight {unknown}
 k - a potion of magic


   Skills:
 + Level 2.2 Fighting
 - Level 2.0 Dodging
 - Level 2.0 Stealth
 + Level 3.1 Spellcasting
 - Level 1.0 Conjurations
 + Level 3.2 Air Magic


You had 6 spell levels left.
You knew the following spells:

 Your Spells              Type           Power      Damage    Failure   Level
a - Shock                 Conj/Air       48%        1d6       5%          1
b - Static Discharge      Conj/Air       12%        3-5/arc   8%          2

Your spell library contained the following spells:

 Spells                   Type           Power      Damage    Failure   Level
 Foxfire                  Conj/Fire      20%        2x1d5     10%         1
 Swiftness                Air            17%        N/A       10%         3
 Conjure Flame            Conj/Fire      5%         6-21      30%         3
 Airstrike                Air            8%         2d(2-18)  32%         4
 Inner Flame              Hex/Fire       3%         N/A       36%         3
 Flame Wave               Conj/Fire      5%         2d5       69%         4
 Animate Dead             Necr           3%         N/A       77%         4
 Borgnjor's Vile Clutch   Necr/Erth      1%         N/A       98%         5
 Death Channel            Necr           1%         N/A       100%        6
 Borgnjor's Revivificati  Necr           1%         N/A       100%        8
 Necromutation            Tmut/Necr      1%         N/A       100%        8
 Death's Door             Necr           1%         N/A       100%        9


Dungeon Overview and Level Annotations

Branches:
Dungeon (3/15)

Altars:
Cheibriados

Shops:
D:2 [*:[


Innate Abilities, Weirdness & Mutations

You are too large for most types of armour.
You have tough skin. (AC +1)


Message History

The zap misses the orc.
Training target 2.0 for Stealth reached!
Your Fighting skill increases to level 2!
Your Stealth skill increases to level 2!
Your Spellcasting skill increases to level 3!
You have reached level 4!
Casting: Shock (safe; 5% risk of failure)
Confirm with . or Enter, or press ? or * to list all spells.
You don't have enough magic to cast this spell.
a - a +0 great sword (weapon)
You barely miss the orc.
The orc is lightly wounded.
The orc hits you with a +0 club.
Casting: Shock (safe; 5% risk of failure)
Confirm with . or Enter, or press ? or * to list all spells.
Aiming: Shock (safe; 5% risk of failure)
Press: ? - help, Shift-Dir - straight line, f - orc
Aim: an orc, wielding a +0 club (lightly wounded, 68% to hit)
The zap misses the orc.
The zap hits the orc.
The orc is severely wounded.
The orc hits you with a +0 club. The orc barely misses you.
You completely miss the orc.
The orc is lightly wounded.
The orc hits you from afar with a +0 trident.
The orc hits you but does no damage. The orc hits you with a +0 club.
The orc hits you but does no damage.
Your magical contamination has completely faded away.
You closely miss the orc.
The orc is lightly wounded.
The orc hits you from afar with a +0 trident.
* * * LOW HITPOINT WARNING * * *
The orc barely misses you. The orc hits you with a +0 club.
* * * LOW HITPOINT WARNING * * *
The orc barely misses you.
It was a potion of attraction.
You feel attractive to monsters. The orc hits you with a +0 club.
* * * LOW HITPOINT WARNING * * *
The orc hits you from afar with a +0 trident.
You die...

#######.######......#
#.# ##...### #.#
##### ..########.#
.........#.#
.........#.####... .
....................
.........#.####.....
...........@oo)).)..
##########.####.....
#.# ... #.# . #.# #.#
#.# #.# #.#


You could see 2 orcs.

Vanquished Creatures
  An orc priest (D:3)
  An adder (D:2)
  3 dart slugs
  2 orcs (D:3)
  3 ball pythons
  A giant cockroach (D:1)
  A goblin (D:2)
  2 hobgoblins (D:3)
  4 quokkas
  A frilled lizard (D:2)
  2 kobolds (D:1)
21 creatures vanquished.

Notes
Turn   | Place    | Note
-------+----------+-------------------------------------------
     0 | D:1      | porkupine the Ogre Air Elementalist began the quest for the
                  | Orb.
     0 | D:1      | Reached XP level 1. HP: 16/16 MP: 3/3
   735 | D:1      | Found a faded altar of an unknown god.
   739 | D:1      | Prayed at the altar of an unknown god.
   739 | D:1      | Became a worshipper of Cheibriados the Contemplative
   739 | D:1      | Reached * piety under Cheibriados
   742 | D:1      | Reached skill level 1 in Conjurations
  1128 | D:2      | Reached XP level 2. HP: 26/26 MP: 2/5
  1131 | D:2      | Learned a level 2 spell: Static Discharge
  1326 | D:2      | Found Campic's Armour Shoppe.
  1423 | D:2      | Found Joawn's Assorted Antiques.
  1433 | D:2      | Reached skill level 1 in Fighting
  1501 | D:2      | Found Plog's Book Shop.
  1590 | D:2      | Found Faask's Antique Armour Shop.
  1690 | D:2      | Reached XP level 3. HP: 20/33 MP: 1/7
  2490 | D:3      | Reached ** piety under Cheibriados
  2491 | D:3      | Reached XP level 4. HP: 27/42 MP: 0/8
  2497 | D:3      | HP: 1/42 [orc/+0 club (2)]
  2497 | D:3      | Slain by an orc

Illustrated notes

Levels and vault maps discovered:
D:1:      saegor_arrival_simple_c, layout_basic,
          hellmonk_ecumenical_altar_heavens_door
D:2:      layout_loops_ring, serial_shops, nicolae_shop_waterfront, shop,
          nicolae_shop_competitors_out_of_business, shop_statue
D:3:      wad_crossroads, layout_rooms, kennysheep_generic_room_3

Skill      XL: |  1  2  3 |
---------------+----------+-----
Conjurations   | 1 |  1.0
Dodging        | 2 |  2.0
Fighting       | 1 2 |  2.2
Air Magic      | 3 |  3.2
Stealth        | 2 |  2.0
Spellcasting   | 3 |  3.1

Action                   |  1- 3 |  4- 6 || total
-------------------------+-------+-------++-------
Melee: Unarmed           |     6 |       ||     6
       Great sword       |    15 |     3 ||    18
 Cast: Shock             |    48 |     1 ||    49
       Static Discharge  |     1 |       ||     1
  Use: Scroll            |     3 |       ||     3
       Potion            |       |     1 ||     1
Armor: Robe              |     8 |     2 ||    10
Dodge: Dodged            |    15 |     3 ||    18
